 Dungeon Crawl Stone Soup version 0.30.1 (webtiles) character file.

Game seed: 1153287493805335591

56361 Bloodjewel the Thaumaturge (level 15, -1/113 HPs)
             Began as a Djinni Fire Elementalist on July 4, 2023.
             Was a Follower of Uskayaw.
             Slain by a +2 vampiric long sword (21 damage)
             ... on level 1 of the Elven Halls.
             The game lasted 02:59:15 (19404 turns).

Bloodjewel the Thaumaturge (DjFE)                  Turns: 19404, Time: 02:59:16

Health: -1/113     AC:  8    Str:  7    XL:     15   Next: 21%
Gold:   1851       EV: 16    Int: 39    God:    Uskayaw [*.....] SH:  4 Dex: 15

rFire   + + +        M - +9 war axe of the Madman {protect, rC- Int+10 SInv}
rCold   x x x        S - +1 buckler of Ywkaczec {rElec rC- Int+3}
rNeg    . . .        R - +0 troll leather armour
rPois   ∞            V - +1 hat {Will+}
rElec   +            E - +0 cloak
rCorr   .            X - +1 pair of gloves "Jolo" {Int+3}
SInv    +            (boots unavailable)
Will    ++...        y - amulet of Tontaoco {Faith MP+9}
Stlth   +++          B - ring of wizardry
HPRegen 1.18/turn    Z - ring of fire
MPRegen 0.00/turn

%: faith, wizardry (x1), infuse magic (-2 HP)
@: forested, flying
A: sickness immunity, fire resistance 2, cold vulnerability 1, float, innate
caster, HP casting, extra vitality 1
a: Renounce Religion, Stomp


You were on level 1 of the Elven Halls.
You worshipped Uskayaw.
Uskayaw was aware of your devotion.
You visited 4 branches of the dungeon, and saw 17 of its levels.
You also visited: Bailey.

You collected 1851 gold pieces.

Inventory:

Hand Weapons
 a - a +3 dagger of chaos
 s - a +1 demon trident of venom
 w - a +1 dagger of speed
 x - the +16 obsidian axe {drain, demonic, Mesm Drain Fly SInv}
   (You took it off a deep elf archer on level 1 of the Elven Halls)

   Mesm:      Its wielder is mesmerised by any visible foes, and it cannot be
   unequipped while any foes are visible.
   SInv:      It lets you see invisible.
   Fly:       It grants you flight.
   Drain:     It drains your maximum health when unequipped.
 z - a +2 dagger of holy wrath
 L - a +2 vampiric whip
 M - the +9 war axe of the Madman (weapon) {protect, rC- Int+10 SInv}
   (You found it in a bailey)

   Int:       It affects your intelligence (+10).
   rC:        It makes you vulnerable to cold.
   SInv:      It lets you see invisible.
 N - the +9 lajatang of Urrioggy {freeze, rC++ rCorr}
   (You acquired it in a bailey)

   rC:        It greatly protects you from cold.
   rCorr:     It protects you from acid and corrosion.
 Q - a +0 dagger of holy wrath
Missiles
 q - 19 poisoned darts
 u - a silver boomerang
 J - 6 curare-tipped darts
Armour
 i - a +2 plate armour of positive energy
 E - a +0 cloak (worn)
 R - a +0 troll leather armour (worn)
 S - the +1 buckler of Ywkaczec (worn) {rElec rC- Int+3}
   (You found it on level 12 of the Dungeon)

   Int:       It affects your intelligence (+3).
   rC:        It makes you vulnerable to cold.
   rElec:     It insulates you from electricity.
 V - a +1 hat of willpower (worn)
 X - the +1 pair of gloves "Jolo" (worn) {Int+3}
   (You found it on level 11 of the Dungeon)

   Int:       It affects your intelligence (+3).
Jewellery
 y - the amulet of Tontaoco (around neck) {Faith MP+9}
   (You found it on level 6 of the Dungeon)

   [amulet of faith]

   It allows you to gain divine favour quickly.
   MP:        It affects your magic capacity (+9).
 B - a ring of wizardry (left hand)
 C - a ring of resist corrosion
 Z - a ring of fire (right hand)
Wands
 f - a wand of mindburst (8)
 h - a wand of quicksilver (15)
 t - a wand of flame (37)
 v - a wand of paralysis (25)
 A - a wand of digging (8)
 Y - a wand of iceblast (21)
Scrolls
 b - 3 scrolls of poison
 d - 4 scrolls of teleportation
 g - 2 scrolls of enchant armour
 k - 2 scrolls of immolation
 l - 4 scrolls of fog
 r - a scroll of identify
 D - a scroll of magic mapping
 I - 2 scrolls of fear {unknown}
 P - a scroll of brand weapon {unknown}
 T - a scroll of noise {unknown}
Potions
 c - a potion of attraction {unknown}
 e - 5 potions of curing
 j - 3 potions of mutation {unknown}
 m - a potion of might
 n - 5 potions of lignification {unknown}
 o - a potion of flight {unknown}
 p - 3 potions of haste
 H - 4 potions of brilliance
 O - a potion of cancellation {unknown}
 U - 2 potions of magic {unknown}


   Skills:
 + Level 12.3 Fighting
 - Level 2.1 Armour
 + Level 12.6 Dodging
 - Level 5.2 Stealth
 + Level 12.7 Spellcasting
 - Level 10.0 Invocations


You knew the following spells:

 Your Spells              Type           Power      Damage    Failure   Level
a - Foxfire               Conj/Fire      100%       2x1d9     0%          1
b - Scorch                Fire           100%       2d9       1%          2
c - Volatile Blastmotes   Fire/Tloc      100%       2d18      1%          3
d - Inner Flame           Hex/Fire       100%       N/A       1%          3
e - Flame Wave            Conj/Fire      100%       2d21      1%          4
f - Kiss of Death         Conj/Necr      100%       2d13      0%          1
g - Lesser Beckoning      Tloc           100%       N/A       1%          2
h - Ensorcelled Hibernat  Hex/Ice        100%       N/A       1%          2
i - Summon Lightning Spi  Summ/Air       89%        N/A       1%          4
j - Iskenderun's Mystic   Conj/Tloc      89%        2d17      1%          4
k - Summon Forest         Summ/Tloc      44%        N/A       1%          5
l - Eringya's Noxious Bo  Tmut/Pois      44%        N/A       1%          6
Your spell library was empty.

Dungeon Overview and Level Annotations

Branches:
Dungeon (13/15)            Temple (1/1) D:6            Lair (0/5) D:9
    Orc (2/2) D:9             Elf (1/3) Orc:2        Vaults (0/5) D:13
 Bailey (visited)

Altars:
Ashenzari
Cheibriados
Dithmenos
Elyvilon
Fedhas
Gozag
Hepliaklqana
Makhleb
Nemelex Xobeh
Okawaru
Qazlal
Ru
Uskayaw
Xom
Yredelemnul
Zin
The Shining One

Shops:
D:1 =   D:10 :   D:12 :   Orc:2 !::[

Annotations:
Temple 2 transporters
Orc:1 1 runed translucent door, exclusion: door, sand's ghost, journeyman HOFi


Innate Abilities, Weirdness & Mutations

You are immune to sickness and miasma.
You are immune to poison.
Your flesh is very heat resistant. (rF++)
You are vulnerable to cold. (rC-)
You float through the air rather than walking.
You learn spells naturally, not from books.
Your magical power is your life essence.
You have superior vitality. (+4 MHP)


Message History

You reach down and open the door.
There is an open door here.
You see here a +0 ring mail.
You see here a +0 ring mail.
You reach down and open the door.
Found a wand of flame (13).
There is an open door here.
A +2 vampiric long sword comes into view.
You see here a wand of flame (13).
Press: ? - help, v - describe, . - travel
Here: a +2 vampiric long sword The floor.
The +2 vampiric long sword attacks as you move away!
The +2 vampiric long sword misses you. The +2 vampiric long sword hits you!!
The +2 vampiric long sword attacks as you move away!
The +2 vampiric long sword hits you!
There is an open door here.
The +2 vampiric long sword hits you!
The +2 vampiric long sword attacks as you move away!
The +2 vampiric long sword closely misses you.
The +2 vampiric long sword completely misses you.
The +2 vampiric long sword hits you!
There is an open door here.
The +2 vampiric long sword hits you!!
Casting: Foxfire (safe; 0% risk of failure)
Confirm with . or Enter, or press ? or * to list all spells.
A forested plane collides here with a resounding crunch!
Your dryad calls out to the forest.
The forest starts to sway and rumble!
The +2 vampiric long sword hits you!
* * * LOW HITPOINT WARNING * * *
Branches wave dangerously above you. The +2 vampiric long sword hits you!
* * * LOW HITPOINT WARNING * * *
Your dryad hits the +2 vampiric long sword but does no damage.
Aiming: Quicksilver Bolt
Press: ? - help, Shift-Dir - straight line The bolt of dispelling energy misses the +2 vampiric long sword.
The +2 vampiric long sword is hit by a branch!
The +2 vampiric long sword hits you!!
You die...

♣................. ...#
.................. ...#
.#########'#######♣♣#..#
♣#..................'..#
.#..................#..#
.#..#######..♣##'♣..#..#
.#..+.....#..#..R#..#..#
.#..#.....#..#..(♣..#..#
.#..#.....#..#..@♣..#./#
#..#'#####..♣#♣♣#..#..#
#..................#..#
#..#######.........#..#
#..#.....#..#####..#..#
#..#?....♣..#...#..#..#
#..#.....♣..#...'..#..#
.#..#'♣##♣#..#+###..#..#
.#..................#


You could see a +2 vampiric long sword (ally target) and a friendly dryad
(summoned).

Vanquished Creatures
  Jorgrun (D:12)
  Gastronok (D:11)
  An ettin (Orc:2)
  A vault guard (D:13)
  Erolcha (D:11)
  2 two-headed ogres
  A tengu warrior (D:9)
  4 orc high priests
  Sonja (D:12)
  Amaemon (D:11)
  A deep elf archer (Elf:1)
  A wizard (D:13)
  6 deep elf pyromancers
  4 deep elf zephyrmancers (Elf:1)
  5 orc knights
  An orc sorcerer (Orc:2)
  2 ugly things (D:12)
  3 gargoyles
  An unseen horror (D:13)
  Psyche (D:9)
  A kobold demonologist (Bailey)
  A troll (Orc:2)
  A hornet (D:10)
  2 slime creatures (D:13)
  2 water elementals (Elf:1)
  2 yaks (D:8)
  A vampire (D:11)
  9 humans (D:13)
  A basilisk (D:13)
  A steam dragon (D:8)
  7 vampire mosquitoes
  A water moccasin (D:8)
  2 ice beasts (D:6)
  4 sky beasts
  22 orc warriors
  A black bear (D:5)
  9 centaurs
  An ogre (D:6)
  A phantom (D:4)
  2 kobold brigands
  2 bullfrogs
  2 gnoll sergeants
  4 scorpions
  3 wights
  3 killer bees (D:7)
  17 electric eels
  4 howler monkeys
  2 hounds
  2 gnoll boudas
  3 orc priests
  A sleepcap (D:4)
  Jessica (D:2)
  2 iguanas (D:6)
  12 orc wizards
  2 human simulacra (D:13)
  Robin (D:2)
  18 gnolls
  14 adders
  A shadow imp (D:7)
  3 worms
  3 dart slugs
  36 orcs
  7 ball pythons
  7 endoplasms
  3 giant cockroaches
  28 goblins
  14 hobgoblins
  7 jackals
  12 kobolds
  3 bats
  4 frilled lizards
  5 rats
336 creatures vanquished.

Vanquished Creatures (collateral kills)
  Nessos (D:13)
  A deep elf annihilator (Elf:1)
  A vault guard (D:13)
  2 two-headed ogres
  Urug (D:11)
  3 orc high priests (Orc:2)
  5 skeletal warriors (D:13)
  Pikel (D:7)
  3 wizards (D:13)
  6 deep elf pyromancers (Elf:1)
  5 deep elf zephyrmancers (Elf:1)
  An orc knight (D:13)
  A necromancer (D:13)
  2 orc sorcerers (Orc:2)
  2 manticores
  Joseph (D:7)
  A gargoyle (D:11)
  An orange demon (D:11)
  A yaktaur (D:13)
  A komodo dragon (D:9)
  2 trolls
  A polar bear (shapeshifter) (D:13)
  3 slime creatures (D:13)
  An air elemental (Elf:1)
  A shadow (D:12)
  A wyvern (D:8)
  A water elemental (Elf:1)
  3 yaks (D:8)
  8 humans (D:13)
  2 vampire mosquitoes (D:10)
  2 acid dragons
  20 orc warriors
  3 ogres
  2 kobold brigands
  7 centaurs
  A phantom (D:6)
  An earth elemental (Elf:1)
  2 gnoll sergeants (D:7)
  2 wights (D:9)
  A howler monkey (D:8)
  2 hounds (D:6)
  25 orc priests
  Crazy Yiuf (D:7)
  A sleepcap (D:7)
  4 orc wizards
  10 gnolls
  A white imp (D:8)
  29 orcs
  3 goblins
  4 kobolds
  28 foxfires
212 creatures vanquished.

Vanquished Creatures (others)
  A centaur (D:8)
  An orc wizard (D:8)
  An orc (D:8)
  1459 foxfires
  17 snaplasher vines
1479 creatures vanquished.

Grand Total: 2027 creatures vanquished

Notes
Turn   | Place    | Note
-------+----------+-------------------------------------------
     0 | D:1      | Bloodjewel the Djinni Fire Elementalist began the quest for
                  | the Orb.
     0 | D:1      | Bloodjewel set off with the following spells memorised:
                  | Foxfire, Scorch, Volatile Blastmotes, Inner Flame, Flame
                  | Wave.
     0 | D:1      | Reached XP level 1. HP: 15/15 MP: 0/0
    98 | D:1      | Reached XP level 2. HP: 20/21 MP: 0/0
   238 | D:1      | Found Tuidiop's Jewellery Shop.
   245 | D:1      | Reached skill level 1 in Fighting
   618 | D:1      | Reached XP level 3. HP: 21/27 MP: 0/0
   618 | D:1      | Learned a level 1 spell: Kiss of Death
  1146 | D:2      | Noticed Robin
  1268 | D:2      | Reached XP level 4. HP: 31/32 MP: 0/0
  2029 | D:2      | Noticed Jessica
  2053 | D:2      | Killed Jessica
  2176 | D:2      | Killed Robin
  2177 | D:2      | Reached XP level 5. HP: 29/37 MP: 0/0
  2177 | D:2      | Learned a level 2 spell: Lesser Beckoning
  3075 | D:3      | Reached XP level 6. HP: 32/42 MP: 0/0
  3429 | D:3      | Reached skill level 5 in Spellcasting
  3551 | D:4      | Found a basalt altar of Yredelemnul.
  3641 | D:4      | Reached XP level 7. HP: 17/50 MP: 0/0
  3641 | D:4      | Learned a level 2 spell: Ensorcelled Hibernation
  3791 | D:4      | Found an opulent altar of Gozag.
  4108 | D:4      | Found a sacrificial altar of Ru.
  4131 | D:4      | Found a white marble altar of Elyvilon.
  4470 | D:5      | Entered Level 5 of the Dungeon
  5321 | D:5      | Reached XP level 8. HP: 38/58 MP: 0/0
  5472 | D:5      | Reached skill level 5 in Dodging
  5573 | D:5      | Found a glowing silver altar of Zin.
  5743 | D:5      | Found a broken altar of Ashenzari.
  5801 | D:5      | Found a blossoming altar of Fedhas.
  5801 | D:5      | Found a stormy altar of Qazlal.
  5801 | D:5      | Found a glowing golden altar of the Shining One.
  5964 | D:6      | Found a hazy altar of Hepliaklqana.
  6132 | D:6      | Identified the amulet of Tontaoco {Faith MP+9}
  6168 | D:6      | Reached XP level 9. HP: 54/62 MP: 0/0
  6168 | D:6      | Learned a level 4 spell: Summon Lightning Spire
  6562 | D:6      | Found a staircase to the Ecumenical Temple.
  6571 | Temple   | Entered the Ecumenical Temple
  6571 | Temple   | Found a transporter.
  6571 | Temple   | Found a transporter.
  6573 | Temple   | Found a transporter.
  6573 | Temple   | Found a transporter.
  6586 | Temple   | Became a worshipper of Uskayaw the Reveller
  6754 | D:7      | Reached * piety under Uskayaw
  6760 | D:7      | Reached ** piety under Uskayaw
  6837 | D:7      | Reached *** piety under Uskayaw
  6840 | D:7      | Reached **** piety under Uskayaw
  6921 | D:7      | Noticed a two-headed ogre
  6934 | D:7      | Reached ***** piety under Uskayaw
  6935 | D:7      | Killed a two-headed ogre
  7103 | D:7      | Reached XP level 10. HP: 45/68 MP: 0/0
  7137 | D:7      | Reached ****** piety under Uskayaw
  7450 | D:7      | Reached skill level 5 in Fighting
  7453 | D:7      | Noticed Pikel
  7459 | D:7      | Killed Pikel
  7664 | D:7      | Reached skill level 1 in Invocations
  8145 | D:7      | Noticed Joseph
  8159 | D:7      | Killed Joseph
  8341 | D:7      | Found a runed translucent door.
  8342 | D:7      | Noticed Crazy Yiuf
  8676 | D:7      | Killed Crazy Yiuf
  8929 | D:8      | Reached skill level 5 in Invocations
  9069 | D:8      | Found a snail-covered altar of Cheibriados.
  9244 | D:8      | Reached XP level 11. HP: 71/78 MP: 0/0
  9244 | D:8      | Learned a level 4 spell: Iskenderun's Mystic Blast
  9247 | D:8      | Noticed a two-headed ogre
  9256 | D:8      | Killed a two-headed ogre
  9268 | D:8      | Reached skill level 10 in Spellcasting
  9476 | D:8      | Found a shimmering altar of Xom.
  9723 | D:9      | Found a flagged portal.
 10022 | Bailey   | Entered a bailey
 10165 | Bailey   | Noticed an orc high priest
 10181 | Bailey   | Noticed an orc knight
 10195 | Bailey   | Killed an orc high priest
 10447 | Bailey   | Killed an orc knight
 10448 | Bailey   | Reached skill level 5 in Stealth
 10972 | Bailey   | Found an iron altar of Okawaru.
 10991 | Bailey   | Identified the +9 war axe of the Madman {protect, rC-
                  | Int+10 SInv}
 11142 | Bailey   | Acquired the +9 lajatang of Urrioggy {freeze, rC++ rCorr}
 11716 | D:9      | Found a staircase to the Lair.
 11723 | D:9      | Noticed a tengu warrior
 12152 | D:9      | Killed a tengu warrior
 12161 | D:9      | Found the +18 Lear's hauberk
 12240 | D:9      | Noticed Psyche
 12245 | D:9      | Noticed a two-headed ogre
 12245 | D:9      | Killed Psyche
 12246 | D:9      | Reached XP level 12. HP: 62/85 MP: 0/0
 12251 | D:9      | Killed a two-headed ogre
 12323 | D:9      | Noticed a two-headed ogre
 12336 | D:9      | Killed a two-headed ogre
 12492 | D:9      | Found a staircase to the Orcish Mines.
 12620 | Orc:1    | Entered Level 1 of the Orcish Mines
 12672 | D:10     | Entered Level 10 of the Dungeon
 12840 | D:10     | Found Ubbum's Book Emporium.
 12970 | D:10     | Reached skill level 10 in Invocations
 13045 | D:10     | Reached skill level 1 in Armour
 13529 | D:11     | You are sucked into a shaft and drop 1 floor!
 13599 | D:12     | Noticed Jorgrun
 14074 | D:12     | Killed Jorgrun
 14225 | D:12     | Found Uluuliab's Book Shoppe.
 14306 | D:12     | Noticed Sonja
 14453 | D:12     | Killed Sonja
 14471 | D:12     | Identified the +1 buckler of Ywkaczec {rElec rC- Int+3}
 14528 | D:12     | Reached XP level 13. HP: 93/93 MP: 0/0
 14528 | D:12     | Learned a level 5 spell: Summon Forest
 15057 | D:11     | Noticed Gastronok
 15089 | D:11     | Killed Gastronok
 15146 | D:11     | Noticed Urug
 15148 | D:11     | Noticed Erolcha
 15184 | D:11     | Killed Urug
 15235 | D:11     | Killed Erolcha
 15299 | D:11     | Noticed Amaemon
 15315 | D:11     | Killed Amaemon
 15388 | D:11     | Identified the +1 pair of gloves "Jolo" {Int+3}
 16129 | D:13     | Noticed a vault guard
 16141 | D:13     | Killed a vault guard
 16142 | D:13     | Noticed a vault guard
 16144 | D:13     | Reached skill level 10 in Fighting
 16146 | D:13     | Reached skill level 10 in Dodging
 16150 | D:13     | Killed a vault guard
 16190 | D:13     | Found a gate to the Vaults.
 16399 | D:13     | Noticed Nessos
 16432 | D:13     | Reached XP level 14. HP: 102/103 MP: 0/0
 16434 | D:13     | Killed Nessos
 16928 | Orc:2    | Entered Level 2 of the Orcish Mines
 16982 | Orc:1    | You are sucked into a shaft and drop 1 floor!
 16983 | Orc:2    | Found a staircase to the Elven Halls.
 17392 | Orc:2    | Found Kolal's Book Shop.
 17392 | Orc:2    | Found Sapsocka's Distillery.
 17393 | Orc:2    | Found Nimos's Antique Armour Shop.
 17393 | Orc:2    | Found Quthru Wureaz's Book Boutique.
 17605 | Orc:2    | Found a runed translucent door.
 18319 | Orc:1    | Found a runed translucent door.
 18322 | Orc:1    | Noticed sand's ghost (journeyman HOFi)
 18597 | Elf:1    | Entered Level 1 of the Elven Halls
 18626 | Elf:1    | Paralysed by an air elemental for 1 turns
 18628 | Elf:1    | Paralysed by an air elemental for 1 turns
 18880 | Elf:1    | Reached XP level 15. HP: 67/112 MP: 0/0
 18880 | Elf:1    | Learned a level 6 spell: Eringya's Noxious Bog
 18967 | Elf:1    | Got the Elucidation of Fulmination
 19404 | Elf:1    | Slain by a +2 vampiric long sword

Illustrated notes

Levels and vault maps discovered:
D:1:      dpeg_arrival_concentric_ovals, layout_rooms, serial_co_window_serial,
          co_window_paths_b, co_window_of_opportunity_a, co_window_paths_b,
          co_window_paths_a, co_window_paths_a, co_window_paths_a,
          co_window_corner_a, co_window_paths_b, co_window_paths_b,
          co_window_broadway_a, co_window_2corner, co_window_broadway_a,
          co_window_2corner, co_window_cross_2, glass_columns_b,
          glass_columns_a, glass_columns_b, glass_columns_c, serial_shops, shop,
          minmay_misc_feat_tiny
D:2:      layout_rooms, uniq_jessica, uniq_robin
D:3:      layout_basic
D:4:      layout_gridville, kennysheep_ying_yang, mainiacjoe_overflow_alcove_2,
          nicolae_ru_path_of_blood
D:5:      wander_river, layout_loops_ring, mainiacjoe_overflow_alcove_1,
          kennysheep_little_box, gammafunk_temple_overflow_claw
D:6:      layout_cave_pods, mainiacjoe_overflow_brackets, temple_hall
D:7:      hellmonk_crumbling_castle, layout_basic, kennysheep_mini,
          serial_bayou, serial_bayou_pond_b, serial_bayou_lagoon_a,
          serial_bayou_ford_a, nicolae_lava_and_water, uniq_joseph,
          uniq_crazy_yiuf_cottage, uniq_pikel
D:8:      layout_cave_pools, mainiacjoe_overflow_six_doors_small,
          xom_confusion_cloud, amcnicky_altar_gilded, blue_anna_alchemist
D:9:      layout_irregular_city, david_lair_shrubbed,
          minmay_orc_entry_temple_small, serial_co_window_serial,
          co_window_paths_b, co_window_corner_a, co_window_corner_a,
          co_window_paths_a, co_window_corner_a, co_window_2corner,
          co_window_corner_cb, co_window_of_opportunity_b,
          co_window_unsneaky_path_e, co_window_2corner, co_window_corner_cb,
          enter_bailey_3, amcnicky_mini_pool_small,
          hellmonk_guarded_unrand_lears, uniq_psyche
D:10:     layout_loops_ring, old_standard_altar, serial_shops, shop
D:11:     layout_small_grid, uniq_gastronok, uniq_amaemon, uniq_erolcha,
          uniq_urug
D:12:     layout_basic, serial_shops, nicolae_stop_n_shop_1, uniq_sonja,
          uniq_jorgrun
D:13:     layout_gridville, grunt_vaults_entry_tiered, st_stairs_4,
          bh_circular_ruins, uniq_nessos
Temple:   hellmonk_temple_divided_pantheon
Orc:1:    layout_caves, ebering_ghost_inner_flame
Orc:2:    st_orc_pillars, layout_caves, lightli_church_of_beogh
Elf:1:    minmay_elf_arrival_plus, layout_onion_city, minmay_elf_annihilation,
          dreamdust_deal_with_the_devil, st_stairs_6

Skill      XL: |  1  2  3  4  5  6  7  8  9 10 11 12 13 14 |
---------------+-------------------------------------------+-----
Fighting       | 1 3 4 6 7 8 10 12 | 12.3
Spellcasting   | 3 4 5 6 8 9 10 11 12 | 12.7
Dodging        | 4 5 6 7 10 12 | 12.6
Stealth        | 3 5 |  5.2
Invocations    | 6 8 10 | 10.0
Armour         | 2 |  2.1

Action                     |  1- 3 |  4- 6 |  7- 9 | 10-12 | 13-15 || total
---------------------------+-------+-------+-------+-------+-------++-------
  Melee: Dagger            |     1 |     9 |    23 |     3 |       ||    36
         War axe           |       |       |       |    29 |     5 ||    34
         Lajatang          |       |       |       |       |    10 ||    10
  Throw: Dart              |       |       |       |       |     2 ||     2
   Cast: Foxfire           |    57 |    81 |   149 |   355 |   232 ||   874
         Scorch            |     1 |    19 |    29 |    65 |    76 ||   190
         Volatile Blastmot |       |     1 |       |     1 |    10 ||    12
         Inner Flame       |       |       |     2 |     7 |     5 ||    14
         Summon Lightning  |       |       |     5 |    52 |    25 ||    82
         Ensorcelled Hiber |       |       |       |     5 |     1 ||     6
         Lesser Beckoning  |       |       |       |     4 |       ||     4
         Summon Forest     |       |       |       |       |    48 ||    48
         Iskenderun's Myst |       |       |       |       |     2 ||     2
         Eringya's Noxious |       |       |       |       |     1 ||     1
 Invoke: Stomp             |       |       |       |     2 |       ||     2
         Line Pass         |       |       |       |     1 |     1 ||     2
  Evoke: Wand              |       |       |       |     1 |     1 ||     2
    Use: Scroll            |       |       |     2 |     8 |     8 ||    18
         Potion            |       |       |       |     4 |     4 ||     8
   Stab: Sleeping          |     1 |     7 |     2 |     2 |       ||    12
         Paralysed         |       |       |     1 |     3 |     8 ||    12
 Armour: Robe              |     3 |    12 |    11 |    14 |       ||    40
         Troll leather arm |       |       |       |    11 |    16 ||    27
  Dodge: Dodged            |     3 |    26 |    37 |    96 |    79 ||   241
  Block: Buckler           |       |       |       |       |     1 ||     1
